 Dungeon Crawl Stone Soup version 0.30.1-4-g462c640d31 (webtiles) character file.

Game seed: 6740661558480187019

522 Zeor the Skirmisher (level 7, -5/60 HPs)
             Began as a Deep Elf Hunter on Aug 14, 2023.
             Slain by a troll (9 damage)
             ... on level 5 of the Dungeon.
             The game lasted 00:08:30 (2906 turns).

Zeor the Skirmisher (Deep Elf Hunter)               Turns: 2906, Time: 00:08:30

Health: -5/60      AC: 23    Str:  8    XL:     7   Next: 2%
Magic:  10/10      EV:  2    Int: 14    God:
Gold:   50         SH:  0    Dex: 20    Spells: 7/8 levels left

rFire   + . .        a - +1 shortbow
rCold   + . .        (shield currently unavailable)
rNeg    . . .        c - melded +1 leather armour
rPois   +            (helmet currently unavailable)
rElec   +            o - melded +2 cloak {rCorr}
rCorr   +            (gloves currently unavailable)
SInv    .            (boots currently unavailable)
Will    .....        (no amulet)
Stlth   ++           (no ring)
HPRegen 0.30/turn    (no ring)
MPRegen 0.12/turn

%: no passive effects
@: tree-form, resistant
A: stationary, stasis, torment immunity, boosted hp
a: no special abilities


You were on level 5 of the Dungeon.
You were a tree.
You visited 1 branch of the dungeon, and saw 5 of its levels.

You collected 253 gold pieces.
You spent 203 gold pieces at shops.

Inventory:

Hand Weapons
 a - a +1 shortbow (weapon)
Armour
 c - a +1 leather armour (melded)
 k - the +5 scale mail of Wuaclyuda {Will++ Dex+2}
   (You found it on level 3 of the Dungeon)

   Dex:       It affects your dexterity (+2).
   Will:      It greatly increases your willpower.
 o - a +2 cloak of preservation (melded)
Magical Staves
 h - a staff of poison
Wands
 p - a wand of charming (10)
Scrolls
 b - a scroll of immolation
 e - a scroll of teleportation
 l - a scroll of magic mapping
Potions
 d - a potion of ambrosia
 f - 2 potions of invisibility
 g - 2 potions of lignification
 i - a potion of might
 j - a potion of curing


   Skills:
 + Level 2.6 Fighting
 + Level 8.9 Ranged Weapons
 + Level 1.2 Armour
 * Level 4.6 Dodging
 + Level 2.1 Stealth
 * Level 1.1 Spellcasting


You had 7 spell levels left.
You knew the following spells:

 Your Spells              Type           Power      Damage    Failure   Level
a - Apportation           Tloc           0%         N/A       26%         1

Your spell library contained the following spells:

 Spells                   Type           Power      Damage    Failure   Level
 Foxfire                  Conj/Fire      0%         2x1d4     26%         1
 Necrotise                Necr           0%         1d4       26%         1
 Summon Small Mammal      Summ           0%         N/A       26%         1
 Ensorcelled Hibernation  Hex/Ice        0%         N/A       36%         2
 Spider Form              Tmut/Pois      0%         N/A       61%         3
 Anguish                  Hex/Necr       0%         N/A       95%         4
 Fireball                 Conj/Fire      0%         3d3       100%        5
 Plasma Beam              Fire/Air       0%         2x1d11    100%        6
 Starburst                Conj/Fire      0%         6d3       100%        6


Dungeon Overview and Level Annotations

Branches:
Dungeon (5/15)
 Temple: D:4-7

Altars:
Okawaru

Shops:
D:1 *   D:4 [


Message History

* * * LOW HITPOINT WARNING * * *
Fire: a) +1 shortbow
Press: ? - help, Q - select action, (/) - cycle Shift-Dir - straight line, f/p - troll
Aim: a troll (heavily wounded, 68% to hit)
You shoot an arrow. The arrow hits the troll.
The troll is severely wounded.
The troll bites you.
* * * LOW HITPOINT WARNING * * *
The troll claws you.
* * * LOW HITPOINT WARNING * * *
The troll claws you but does no damage.
You feel better. The troll bites you but does no damage. The troll claws you.
* * * LOW HITPOINT WARNING * * *
The troll claws you but does no damage.
You feel better. The troll bites you.
* * * LOW HITPOINT WARNING * * *
The troll claws you.
* * * LOW HITPOINT WARNING * * *
The troll claws you but does no damage.
Fire: a) +1 shortbow
Press: ? - help, Q - select action, (/) - cycle Shift-Dir - straight line, f/p - troll
Aim: a troll (heavily wounded, 68% to hit)
You shoot an arrow. The arrow hits the troll.
The troll is severely wounded.
The troll bites you but does no damage.
The troll claws you but does no damage. x2
Fire: a) +1 shortbow
Press: ? - help, Q - select action, (/) - cycle Shift-Dir - straight line, f/p - troll
Aim: a troll (severely wounded, 68% to hit)
You shoot an arrow. The arrow hits the troll.
The troll is severely wounded.
The troll bites you but does no damage.
The troll claws you but does no damage. x2
Fire: a) +1 shortbow
Press: ? - help, Q - select action, (/) - cycle Shift-Dir - straight line, f/p - troll
Aim: a troll (severely wounded, 68% to hit)
You shoot an arrow. The arrow hits the troll.
The troll is severely wounded.
The troll bites you!
* * * LOW HITPOINT WARNING * * *
The troll claws you but does no damage. The troll claws you!
You die...

▒▒▒▒▒▒▒▒▒▒ ▒∙∙∙∙∙∙∙∙▒
▒∙∙∙∙∙∙∙∙▒▒▒▒▒▒▒▒▒▒▒▒▒▒▒∙
▒∙∙∙∙∙∙∙∙♣T∙∙∙∙∙)∙∙∙∙∙)∙∙
▒∙∙∙∙∙∙∙∙▒▒▒▒▒▒▒▒▒▒▒▒▒▒▒∙
▒∙∙∙∙∙∙∙∙▒ ▒▒▒▒∙▒▒▒▒▒
▒†∙▒ ▒∙▒▒ ▒∙▒ ▒∙▒
▒∙▒▒▒∙▒▒▒


You could see a troll.

Vanquished Creatures
  A black bear (D:5)
  A jelly (D:4)
  An orc priest (D:4)
  3 hounds
  An orc wizard (D:4)
  4 iguanas
  4 adders
  A worm (D:3)
  2 dart slugs
  14 orcs
  6 ball pythons
  7 endoplasms
  A giant cockroach (D:1)
  7 goblins
  7 hobgoblins
  3 quokkas
  4 bats
  A frilled lizard (D:1)
  5 kobolds
  5 rats
78 creatures vanquished.

Vanquished Creatures (collateral kills)
  An orc wizard (D:5)
  An orc (D:5)
2 creatures vanquished.

Grand Total: 80 creatures vanquished

Notes
Turn   | Place    | Note
-------+----------+-------------------------------------------
     0 | D:1      | Zeor the Deep Elf Hunter began the quest for the Orb.
     0 | D:1      | Reached XP level 1. HP: 12/12 MP: 3/3
    83 | D:1      | Reached XP level 2. HP: 16/16 MP: 4/4
    99 | D:1      | Found Nigiaq's General Store.
   212 | D:1      | Reached skill level 6 in Ranged Weapons
   331 | D:1      | Reached XP level 3. HP: 20/20 MP: 5/5
   615 | D:1      | Bought a scroll of identify for 22 gold pieces
  1049 | D:2      | Reached XP level 4. HP: 21/26 MP: 6/6
  1227 | D:3      | Identified the +5 scale mail of Wuaclyuda {Will++ Dex+2}
  1526 | D:3      | Found a faded altar of an unknown god.
  1979 | D:4      | Reached skill level 7 in Ranged Weapons
  1993 | D:4      | Learned a level 1 spell: Apportation
  2042 | D:4      | Reached XP level 5. HP: 30/30 MP: 7/7
  2086 | D:4      | Reached skill level 1 in Armour
  2187 | D:4      | Reached skill level 8 in Ranged Weapons
  2189 | D:4      | Reached XP level 6. HP: 18/35 MP: 8/8
  2448 | D:4      | Found Xiargh's Armour Shop.
  2451 | D:4      | Bought a +1 cloak of preservation for 181 gold pieces
  2502 | D:5      | Entered Level 5 of the Dungeon
  2684 | D:5      | Found an iron altar of Okawaru.
  2792 | D:5      | Reached skill level 1 in Spellcasting
  2868 | D:5      | Noticed a troll
  2883 | D:5      | Reached XP level 7. HP: 37/40 MP: 10/10
  2901 | D:5      | HP: 3/60 [troll (1)]
  2906 | D:5      | Slain by a troll

Illustrated notes

Levels and vault maps discovered:
D:1:      evilmike_arrival_hilbert_curve, layout_basic, serial_shops,
          shop_fountains, hangedman_abyss_or_decor_lesser_grid
D:2:      layout_loops_ring
D:3:      layout_basic, hellmonk_ecumenical_altar_slurped_away,
          kennysheep_generic_room_16
D:4:      layout_gridville, serial_shops, kennysheep_mini_moat
D:5:      layout_rooms, makhleb_blood_cavern_becter,
          mainiacjoe_overflow_brackets

Skill      XL: |  1  2  3  4  5  6 |
---------------+-------------------+-----
Ranged Weapons | 6 7 8 |  8.9
Dodging        | 3 4 |  4.6
Stealth        | 2 |  2.1
Fighting       | 2 |  2.6
Armour         | 1 |  1.2
Spellcasting   | 1 |  1.1

Action                     |  1- 3 |  4- 6 |  7- 9 || total
---------------------------+-------+-------+-------++-------
   Fire: Shortbow          |    73 |   145 |    14 ||   232
  Evoke: Wand              |       |     2 |       ||     2
    Use: Scroll            |     4 |     9 |       ||    13
         Potion            |       |     2 |     7 ||     9
 Armour: Leather armour    |     4 |     9 |     2 ||    15
         Skin              |       |    12 |    28 ||    40
  Dodge: Dodged            |     7 |    25 |     6 ||    38
